[Event "Titled Tuesday Blitz February 07 Late 2023"]
[White "Volkmann, Andre Jordi"]
[Black "Dudzinski, Pawel"]
[WhiteFideId "2154463"]
[BlackFideId "1117890"]
[WhiteElo "2158"]
[BlackElo "2186"]
[Result "0-1"]
[Round "10"]
[TimeControl "180+2"]
[Date "2023.02.07"]
[WhiteClock "0:00:05"]
[BlackClock "0:00:09"]

1. d4 d5 2. c4 c6 3. cxd5 cxd5 4. Nc3 Nc6 5. Bf4 e6 6. e3 f5 7. Bb5 Nf6 8. Nf3 Bd7 9. O-O Be7 10. Rc1 O-O 11. Na4 Ne4 12. Nc5 Nxc5 13. dxc5 Bf6 14. Bxc6 bxc6 15. b3 g5 16. Be5 g4 17. Bxf6 Qxf6 18. Nd2 e5 19. Nc4 f4 20. exf4 exf4 21. Nd6 Kh8 22. Re1 Rg8 23. Qd3 Raf8 24. b4 Bf5 25. Nxf5 Qxf5 26. Qxf5 Rxf5 27. Re6 Rg6 28. Rd6 Re5 29. b5 cxb5 30. Rxg6 hxg6 31. c6 Re8 32. Kf1 Kg7 33. c7 Rc8 34. Ke2 Kf6 35. Kd3 Ke5 36. Rc6 g5 37. a3 a5 38. g3 b4 39. axb4 axb4 40. Rc1 Kd6 41. Rb1 Kc5 42. Rc1+ Kb6 43. Rb1 Kb5 44. Rc1 b3 45. Kd4 Kb4 46. Kxd5 b2 47. Re1 Rxc7 48. Ke5 Rc1 49. Re4+ Kc3 50. gxf4 b1=Q 51. Re3+ Kd2 52. fxg5 Re1 53. Kf4 Rxe3 54. fxe3 Qd3 55. Kxg4 Qxe3 56. h4 Kd3 57. Kh5 Ke4 58. Kh6 Kf5 59. Kh5 Qe8+ 60. Kh6 Qg6# 0-1


[Site "https://www.chess.com"]

[Event "Titled Tuesday Blitz February 07 Late 2023"]
[White "Smith, Garrett L"]
[Black "Buchenau, Frank"]
[WhiteFideId "2024829"]
[BlackFideId "4604350"]
[WhiteElo "2047"]
[BlackElo "2222"]
[Result "1/2-1/2"]
[Round "10"]
[TimeControl "180+2"]
[Date "2023.02.07"]
[WhiteClock "0:00:13"]
[BlackClock "0:00:05"]

1. e4 e6 2. d4 d5 3. Nc3 Nf6 4. e5 Nfd7 5. f4 c5 6. Nf3 Nc6 7. Be3 a6 8. Qd2 b5 9. dxc5 Bxc5 10. Bd3 Qb6 11. Bf2 Bxf2+ 12. Qxf2 Nc5 13. O-O b4 14. Ne2 a5 15. Ned4 Ne7 16. Bb5+ Bd7 17. Bxd7+ Nxd7 18. Kh1 O-O 19. Rac1 Rfc8 20. g4 Nc5 21. f5 Ne4 22. Qe3 a4 23. Rcd1 a3 24. bxa3 Rc3 25. Rd3 Rxd3 26. cxd3 Rxa3 27. Ng5 h6 28. Nxe4 dxe4 29. fxe6 fxe6 30. Qxe4 Rxa2 31. Qf4 Qb7+ 32. Rf3 Ng6 33. Qe4 Qxe4 34. dxe4 Nxe5 35. Rb3 Rd2 36. Rxb4 Nxg4 37. Nxe6 Rxh2+ 38. Kg1 Re2 39. Nc5 Nf6 40. Rb8+ Kh7 41. Rb4 h5 42. Kf1 Rc2 43. Ne6 h4 44. e5 Nh5 45. Rxh4 Kg6 46. Nf4+ Nxf4 47. Rxf4 Rc5 48. Re4 Kf5 49. Re2 Rxe5 50. Rb2 g5 51. Kg2 Rc5 52. Rb8 Kg6 53. Rg8+ Kf5 54. Rf8+ Kg6 55. Rg8+ Kf5 56. Rf8+ Kg6 57. Rg8+ 1/2-1/2


[Site "https://www.chess.com"]

[Event "Titled Tuesday Blitz February 07 Late 2023"]
[White "ritanovikova"]
[Black "Mikhalsky, Vladimir"]
[BlackFideId "14144352"]
[WhiteElo "2226"]
[BlackElo "2219"]
[Result "0-1"]
[Round "10"]
[TimeControl "180+2"]
[Date "2023.02.07"]
[WhiteClock "0:00:01"]
[BlackClock "0:00:54"]

1. e4 c5 2. Nc3 Nc6 3. d3 g6 4. Be3 d6 5. g3 Bg7 6. Qd2 e5 7. Bg2 h5 8. h4 Nf6 9. f3 d5 10. exd5 Nxd5 11. Nxd5 Qxd5 12. f4 Qd6 13. O-O-O O-O 14. Ne2 Bg4 15. Kb1 Nd4 16. Bxd4 exd4 17. Rde1 Rab8 18. Nc1 b5 19. Rhf1 c4 20. Qf2 c3 21. Re4 Bf5 22. Nb3 a5 23. Rxd4 Bxd4 24. Qxd4 Qxd4 25. Nxd4 cxb2 26. Kxb2 b4 27. Nxf5 gxf5 28. Bf3 Rfe8 29. Bxh5 Re3 30. g4 Rb6 31. gxf5 Rh6 32. Rg1+ Kf8 33. Bg4 Rxh4 34. f6 Rh6 35. Bd7 Rg6 36. Rf1 Rxf6 37. f5 Ke7 0-1


[Site "https://www.chess.com"]

[Event "Titled Tuesday Blitz February 07 Late 2023"]
[White "Gurevich, Ilya"]
[Black "Garcia Almaguer, Juan Manuel"]
[WhiteFideId "2000628"]
[BlackFideId "5110491"]
[WhiteElo "2586"]
[BlackElo "2090"]
[Result "1-0"]
[Round "10"]
[TimeControl "180+2"]
[Date "2023.02.07"]
[WhiteClock "0:00:06"]
[BlackClock "0:00:05"]

1. d4 Nf6 2. c4 e6 3. Nf3 d5 4. Nc3 dxc4 5. e3 Nc6 6. Bxc4 Be7 7. O-O O-O 8. e4 h6 9. h3 Bb4 10. e5 Nd5 11. Nxd5 exd5 12. Bd3 Be6 13. Be3 Ne7 14. Qa4 c5 15. dxc5 Nc6 16. a3 Ba5 17. b4 Bc7 18. Bf4 f6 19. Rfe1 Bxh3 20. b5 fxe5 21. Nxe5 Nxe5 22. Bxe5 Bxe5 23. Rxe5 Qf6 24. Re2 Qxa1+ 25. Kh2 Qf6 26. Kxh3 Rae8 27. Rxe8 Rxe8 28. b6 Re5 29. bxa7 Rh5+ 30. Kg3 Rg5+ 31. Kh2 Qe5+ 32. Kg1 Qe1+ 33. Bf1 Rf5 34. a8=Q+ Kh7 35. Qc2 g6 36. Qxb7+ Kg8 37. Qxf5 gxf5 38. Qxd5+ Kg7 39. Qxf5 Qa5 40. Qd7+ Kf6 41. c6 Qxa3 42. c7 Qc5 43. c8=Q 1-0


[Site "https://www.chess.com"]

[Event "Titled Tuesday Blitz February 07 Late 2023"]
[White "Torres Dominguez, David"]
[Black "Bjelobrk, Igor"]
[WhiteFideId "2220857"]
[BlackFideId "4300726"]
[WhiteElo "1994"]
[BlackElo "2403"]
[Result "0-1"]
[Round "10"]
[TimeControl "180+2"]
[Date "2023.02.07"]
[WhiteClock "0:00:01"]
[BlackClock "0:00:11"]

1. e4 e6 2. d4 d5 3. exd5 exd5 4. Bd3 c5 5. Nf3 Nf6 6. O-O Be7 7. dxc5 O-O 8. Nbd2 Bxc5 9. Nb3 Bb6 10. h3 h6 11. Nbd4 Nc6 12. Be3 Re8 13. Re1 Ne4 14. c3 Qf6 15. Nxc6 bxc6 16. Bxb6 axb6 17. Bxe4 dxe4 18. Nh2 Qg6 19. Kh1 f5 20. Qd2 Ba6 21. Qf4 Bd3 22. Nf1 Qf6 23. Ne3 Rf8 24. Qc7 b5 25. b3 Rac8 26. Qb7 f4 27. Ng4 Qg5 28. Rad1 h5 29. Nh2 Rfd8 30. Kg1 f3 31. g3 Qf5 32. g4 hxg4 33. Nxg4 Rd6 34. Kh2 Rf8 35. Rg1 Qf4+ 36. Kh1 Rg6 37. Rxd3 exd3 38. Qd7 Qd6 39. Qxd6 Rxd6 40. Ne5 d2 41. Rd1 Rf5 42. Ng4 Rfd5 43. Kh2 Rd3 44. Ne3 Rd8 45. Kg3 Rxc3 46. Kxf3 Rc1 47. Ke2 Rxd1 48. Kxd1 Ra8 49. Kxd2 Rxa2+ 50. Nc2 c5 51. Kd3 Kf7 0-1


[Site "https://www.chess.com"]

[Event "Titled Tuesday Blitz February 07 Late 2023"]
[White "Todev, Simeon"]
[Black "Pinheiro, Iung Alicio de O."]
[WhiteFideId "2925133"]
[BlackFideId "2104350"]
[WhiteElo "2033"]
[BlackElo "2306"]
[Result "0-1"]
[Round "10"]
[TimeControl "180+2"]
[Date "2023.02.07"]
[WhiteClock "0:00:03"]
[BlackClock "0:00:45"]

1. e4 c5 2. Nf3 Nc6 3. d4 cxd4 4. Nxd4 e5 5. Nb5 d6 6. N1c3 a6 7. Na3 b5 8. Nd5 Nge7 9. Bg5 h6 10. Bh4 Qa5+ 11. c3 Nxd5 12. Qxd5 Qc7 13. O-O-O Be6 14. Qd2 Bxa2 15. f4 Nd4 16. Qf2 b4 17. Nb1 Bxb1 18. Kxb1 bxc3 19. Bd3 Rb8 20. Kc1 Rxb2 21. Qe3 Nb3# 0-1


[Site "https://www.chess.com"]

[Event "Titled Tuesday Blitz February 07 Late 2023"]
[White "Sonnenschein, Philipp"]
[Black "Kostiukov, Alexandr"]
[WhiteFideId "16250877"]
[BlackFideId "14108100"]
[WhiteElo "2224"]
[BlackElo "2271"]
[Result "1/2-1/2"]
[Round "10"]
[TimeControl "180+2"]
[Date "2023.02.07"]
[WhiteClock "0:01:06"]
[BlackClock "0:01:27"]

1. e4 c5 2. Nf3 g6 3. c3 Bg7 4. d4 cxd4 5. cxd4 d5 6. e5 Nc6 7. Bb5 Bg4 8. Bxc6+ bxc6 9. Nbd2 Nh6 10. h3 Bxf3 11. Nxf3 O-O 12. O-O Qb6 13. Qc2 Rfc8 14. Be3 Nf5 15. Rac1 e6 16. Rfd1 Rab8 17. b3 Nxe3 18. fxe3 Bf8 19. Qf2 c5 20. Qh4 Rb7 21. Rf1 Rbc7 22. Qf4 Be7 23. Ng5 Bxg5 24. Qxg5 cxd4 25. Rxc7 Rxc7 26. Qd8+ Kg7 27. Qf6+ Kg8 28. Qd8+ Kg7 29. Qf6+ Kg8 30. Qd8+ 1/2-1/2


[Site "https://www.chess.com"]

[Event "Titled Tuesday Blitz February 07 Late 2023"]
[White "Cueto, Jonny"]
[Black "Papayan, Oleg"]
[WhiteFideId "3300145"]
[BlackFideId "4193911"]
[WhiteElo "2122"]
[BlackElo "2253"]
[Result "0-1"]
[Round "10"]
[TimeControl "180+2"]
[Date "2023.02.07"]
[WhiteClock "0:00:02"]
[BlackClock "0:00:53"]

1. d4 Nf6 2. Bf4 d5 3. e3 c5 4. Nf3 Nc6 5. Nbd2 Qb6 6. dxc5 Qxb2 7. Rb1 Qc3 8. Bb5 Bd7 9. O-O Qxc5 10. Bxc6 Bxc6 11. Ne5 e6 12. Nb3 Qa3 13. Nd4 Bd6 14. Ndxc6 bxc6 15. Rb7 O-O 16. Nxc6 Bxf4 17. exf4 Qa6 18. Ne7+ Kh8 19. Qb1 Rfe8 20. f5 Qd6 21. fxe6 fxe6 22. Qb5 Rxe7 23. Rb1 h6 24. Rxe7 Qxe7 25. h3 Rc8 26. Qa4 Ne4 27. Qa6 Rxc2 28. Rb8+ Kh7 29. Qd3 Rc1+ 30. Kh2 Qc7+ 31. g3 Qxb8 32. f4 Qb2+ 0-1


[Site "https://www.chess.com"]

[Event "Titled Tuesday Blitz February 07 Late 2023"]
[White "Jenkins, Drake"]
[Black "Nilsen, Tobias Lang"]
[WhiteFideId "2022397"]
[BlackFideId "1521624"]
[WhiteElo "2130"]
[BlackElo "2247"]
[Result "1-0"]
[Round "10"]
[TimeControl "180+2"]
[Date "2023.02.07"]
[WhiteClock "0:00:19"]
[BlackClock "0:01:00"]

1. Nf3 d6 2. g3 e5 3. d3 Nf6 4. Bg2 Be7 5. c4 O-O 6. Nc3 c6 7. O-O Be6 8. b4 Nbd7 9. b5 d5 10. bxc6 bxc6 11. Ng5 Bb4 12. Nxe6 fxe6 13. Bd2 Bc5 14. Na4 Bd4 15. Rb1 a5 16. e3 Ba7 17. Qc2 Qe8 18. cxd5 cxd5 19. Bxa5 Qh5 20. Nb6 Rab8 21. Nxd7 Nxd7 22. Qc7 Rxb1 23. Rxb1 Qe2 24. Qxa7 Rxf2 25. Bf1 Qxa2 26. Qxd7 Qxb1 27. Kxf2 Qa2+ 28. Be2 Qxa5 29. Qe8# 1-0


[Site "https://www.chess.com"]

[Event "Titled Tuesday Blitz February 07 Late 2023"]
[White "Figorito, Nick"]
[Black "Barash, Anton"]
[WhiteFideId "30923689"]
[BlackFideId "30935229"]
[WhiteElo "2036"]
[BlackElo "2074"]
[Result "1-0"]
[Round "10"]
[TimeControl "180+2"]
[Date "2023.02.07"]
[WhiteClock "0:00:19"]
[BlackClock "0:00:02"]

1. Nf3 Nf6 2. g3 g6 3. Bg2 Bg7 4. O-O O-O 5. c4 d6 6. Nc3 c5 7. d3 Nc6 8. Rb1 Bg4 9. a3 Qc8 10. Re1 a5 11. Bg5 Re8 12. Bxf6 Bxf6 13. Nd5 Bg7 14. Nb6 Qc7 15. Nxa8 Rxa8 16. Rf1 a4 17. h3 Bxf3 18. Bxf3 Nd4 19. Bg2 Ra7 20. e3 Nb3 21. Qc2 Qa5 22. Rbd1 b5 23. cxb5 Qxb5 24. Bd5 Na5 25. Rb1 e6 26. Bc4 Nxc4 27. dxc4 Qa6 28. Rfd1 Rb7 29. Rd2 Rb3 30. Qd1 Bf8 31. Qc2 h5 32. Rd3 Rb6 33. h4 Kh7 34. b3 Qb7 35. b4 cxb4 36. Qxa4 bxa3 37. Rxb6 Qxb6 38. Qxa3 Be7 39. Qb3 Qc7 40. Qb5 Bf6 41. Rb3 Qc5 42. Qxc5 dxc5 43. Rb7 Kg8 44. Rc7 1-0


[Site "https://www.chess.com"]

[Event "Titled Tuesday Blitz February 07 Late 2023"]
[White "Melikhov, Evgeny V."]
[Black "Clawitter, Craig"]
[WhiteFideId "4122046"]
[BlackFideId "2023105"]
[WhiteElo "2269"]
[BlackElo "2050"]
[Result "1-0"]
[Round "10"]
[TimeControl "180+2"]
[Date "2023.02.07"]
[WhiteClock "0:01:33"]
[BlackClock "0:00:08"]

1. d4 e6 2. c4 Nf6 3. Nc3 d5 4. cxd5 exd5 5. Bg5 c6 6. Qc2 Be7 7. e3 O-O 8. Bd3 Nbd7 9. Nf3 Re8 10. O-O Nf8 11. h3 g6 12. Ne5 Ne6 13. Bh6 Ng7 14. Rab1 Bf5 15. b4 a6 16. a4 Bxd3 17. Qxd3 Nf5 18. Bg5 Nd6 19. b5 cxb5 20. axb5 a5 21. Na4 Rc8 22. Rfc1 Rxc1+ 23. Rxc1 Nd7 24. Bxe7 Rxe7 25. Nxd7 Rxd7 26. Rc5 Nc4 27. Nc3 b6 28. Rc6 Rc7 29. Rxc7 Qxc7 30. Nxd5 1-0


[Site "https://www.chess.com"]

[Event "Titled Tuesday Blitz February 07 Late 2023"]
[White "Ward, Ieuan C"]
[Black "Kalajzic, Ivan"]
[WhiteFideId "406627"]
[BlackFideId "14506378"]
[WhiteElo "2028"]
[BlackElo "2062"]
[Result "0-1"]
[Round "10"]
[TimeControl "180+2"]
[Date "2023.02.07"]
[WhiteClock "0:00:04"]
[BlackClock "0:00:20"]

1. d4 d5 2. c4 Nc6 3. Nf3 Bg4 4. e3 e5 5. dxe5 d4 6. exd4 Bxf3 7. Qxf3 Qxd4 8. Be2 Bb4+ 9. Nc3 Nxe5 10. Qe3 Qxe3 11. Bxe3 O-O-O 12. O-O Bxc3 13. bxc3 Nf6 14. Rab1 Rhe8 15. h3 Nc6 16. Bf3 Re6 17. Rfd1 Rxd1+ 18. Rxd1 Ne5 19. Be2 Ra6 20. Rd2 Rc6 21. c5 a6 22. g4 h6 23. Kg2 Re6 24. Bf4 Ne4 25. Rd5 f6 26. Bxe5 Rxe5 27. Rxe5 fxe5 28. Kf3 Nxc3 29. Bc4 Kd7 30. Ke3 Kc6 31. Kd3 Nb5 32. Ke4 Kxc5 33. Bd5 Kd6 34. Bxb7 Nc3+ 35. Kd3 Nxa2 36. Bxa6 Nb4+ 37. Ke4 Nxa6 0-1


[Site "https://www.chess.com"]

[Event "Titled Tuesday Blitz February 07 Late 2023"]
[White "Lucassen, Mickey"]
[Black "Curtis, John"]
[WhiteFideId "12919110"]
[BlackFideId "3200256"]
[WhiteElo "2023"]
[BlackElo "2292"]
[Result "0-1"]
[Round "10"]
[TimeControl "180+2"]
[Date "2023.02.07"]
[WhiteClock "0:00:03"]
[BlackClock "0:00:11"]

1. d4 Nf6 2. Nc3 d5 3. Bf4 c6 4. e3 Bf5 5. f3 h6 6. g4 Bh7 7. h4 e6 8. Bd3 Bxd3 9. Qxd3 Bd6 10. Nge2 Qc7 11. O-O-O Nbd7 12. g5 Nh5 13. Bxd6 Qxd6 14. f4 g6 15. Rdg1 O-O-O 16. Nd1 Kb8 17. Nf2 Ng7 18. Ng4 h5 19. Ne5 Rhf8 20. Ng3 Nxe5 21. fxe5 Qb4 22. Rf1 Nf5 23. c3 Qa4 24. Nxf5 exf5 25. Kb1 Rd7 26. Rc1 b5 27. b3 Qa3 28. Ka1 Rb7 29. Rb1 Ka8 30. Rhc1 Rfb8 31. Qc2 a5 32. Qb2 Qxb2+ 33. Kxb2 Ka7 34. Rc2 Ka6 35. Rbc1 a4 36. Ka3 axb3 37. axb3 Kb6 38. Kb4 Ra8 39. c4 dxc4 40. bxc4 Ra4+ 41. Kb3 Rxc4 42. Rxc4 bxc4+ 43. Kxc4 Ra7 44. Rb1+ Kc7 45. Rb3 Ra4+ 46. Kc3 Ra2 47. Kd3 Rh2 48. Ra3 Kb7 49. Kc4 Rxh4 50. Kc5 Rg4 51. Rb3+ Kc7 52. Rb6 h4 53. Rxc6+ Kd7 54. Ra6 Rxg5 55. Ra7+ Kd8 56. d5 Ke8 57. Kd6 Kf8 58. e6 fxe6 59. dxe6 Rg2 60. e7+ Kf7 61. Ke5 h3 62. Ra1 h2 63. Rh1 Kxe7 64. Kf4 Kf6 65. Kf3 Ra2 66. e4 Ra3+ 67. Kf4 g5# 0-1


[Site "https://www.chess.com"]

[Event "Titled Tuesday Blitz February 07 Late 2023"]
[White "Romanchuk, Viktor"]
[Black "Talbi, Chafik"]
[WhiteFideId "14109271"]
[BlackFideId "7903715"]
[WhiteElo "2266"]
[BlackElo "2224"]
[Result "0-1"]
[Round "10"]
[TimeControl "180+2"]
[Date "2023.02.07"]
[WhiteClock "0:01:18"]
[BlackClock "0:00:47"]

1. d4 d6 2. c4 e5 3. Nc3 Nc6 4. Nf3 f5 5. dxe5 Nxe5 6. e3 Nf6 7. Be2 g6 8. b3 Bg7 9. Bb2 O-O 10. O-O a5 11. Qc2 Qe7 12. Nd5 Nxd5 13. cxd5 Nxf3+ 14. Bxf3 Bxb2 15. Qxb2 a4 16. Rac1 axb3 17. axb3 Rf7 18. Rc3 b6 19. Rfc1 Ra7 20. g3 Qe5 21. b4 Bb7 22. Qb3 Ba8 23. h4 Kg7 24. Kg2 h6 25. R3c2 g5 26. hxg5 hxg5 27. Kg1 g4 28. Bg2 Kg6 29. Qd3 Ra1 30. Rxc7 Rxc7 31. Rxa1 Qxa1+ 0-1


[Site "https://www.chess.com"]

[Event "Titled Tuesday Blitz February 07 Late 2023"]
[White "Womacka, Mathias"]
[Black "Tinmaz, Kerem"]
[WhiteFideId "4611390"]
[BlackFideId "44559151"]
[WhiteElo "2396"]
[BlackElo "2177"]
[Result "1-0"]
[Round "10"]
[TimeControl "180+2"]
[Date "2023.02.07"]
[WhiteClock "0:00:53"]
[BlackClock "0:00:01"]

1. e4 c6 2. d4 d5 3. Nd2 dxe4 4. Nxe4 Bf5 5. Ng3 Bg6 6. h4 h6 7. Nf3 Nd7 8. h5 Bh7 9. Bd3 Bxd3 10. Qxd3 e6 11. Bd2 Ngf6 12. O-O-O Be7 13. Kb1 O-O 14. Ne4 Nxe4 15. Qxe4 Nf6 16. Qe2 Qd5 17. Ne5 Qe4 18. Be3 Nd5 19. Rhe1 Nxe3 20. Qxe3 Qxe3 21. Rxe3 Rfd8 22. Red3 Bf6 23. f4 Rd6 24. c3 Rad8 25. Kc2 a6 26. a4 b6 27. g4 Bxe5 28. fxe5 R6d7 29. b4 f6 30. Re1 Kf7 31. Rf3 Ke7 32. Rfe3 Re8 33. Kb3 c5 34. bxc5 bxc5 35. dxc5 Rd5 36. Kc4 Rc8 37. exf6+ Kd7 38. fxg7 1-0


[Site "https://www.chess.com"]

[Event "Titled Tuesday Blitz February 07 Late 2023"]
[White "Battlecruiser_Operational"]
[Black "Stolz, Mike"]
[BlackFideId "4617134"]
[WhiteElo "2371"]
[BlackElo "2330"]
[Result "1-0"]
[Round "10"]
[TimeControl "180+2"]
[Date "2023.02.07"]
[WhiteClock "0:00:17"]
[BlackClock "0:00:04"]

1. d4 d5 2. c4 c6 3. Nc3 Nf6 4. e3 Bf5 5. cxd5 cxd5 6. Qb3 e6 7. Qxb7 Nbd7 8. Nf3 Bd6 9. Qc6 Bb4 10. Bd2 O-O 11. Be2 Rc8 12. Qa4 a5 13. O-O Nb6 14. Qb3 Nc4 15. Bxc4 dxc4 16. Qa4 Bd3 17. Rfe1 Qb6 18. Ne5 Bd6 19. Nxd3 cxd3 20. Rab1 Qa6 21. Qb5 Qxb5 22. Nxb5 Rc2 23. Bxa5 Be7 24. Rec1 Ra8 25. b4 Rxa2 26. Nc3 Rc2 27. Rxc2 dxc2 28. Rc1 Rc8 29. Rxc2 Nd5 30. b5 Bb4 31. Bxb4 Nxb4 32. Rc1 Nd3 33. Ra1 1-0


[Site "https://www.chess.com"]

[Event "Titled Tuesday Blitz February 07 Late 2023"]
[White "Vaglio Munoz, Jaime"]
[Black "Gatterer, Florian"]
[WhiteFideId "6500145"]
[BlackFideId "811688"]
[WhiteElo "2174"]
[BlackElo "2170"]
[Result "1/2-1/2"]
[Round "10"]
[TimeControl "180+2"]
[Date "2023.02.07"]
[WhiteClock "0:00:51"]
[BlackClock "0:00:03"]

1. d4 Nf6 2. Nf3 d5 3. g3 e6 4. Bg2 c5 5. O-O Nc6 6. c3 Bd7 7. Bg5 h6 8. Bxf6 Qxf6 9. e3 Qd8 10. Nbd2 Qb6 11. Rb1 Be7 12. a3 c4 13. b4 cxb3 14. Rxb3 Qc7 15. c4 Na5 16. Rc3 b5 17. c5 O-O 18. Ne5 Nc6 19. f4 Nxe5 20. fxe5 Bc6 21. e4 Qd7 22. exd5 Bxd5 23. Ne4 Rad8 24. Nd6 Qc6 25. Bxd5 Qxd5 26. Rd3 Bxd6 27. cxd6 f6 28. Qf3 Qxf3 29. Rfxf3 a5 30. Rb3 Rb8 31. Kf2 Kf7 32. Ke3 Rfc8 33. Kd3 b4 34. axb4 axb4 35. g4 Rb5 36. Ke4 Rc1 37. d7 Rd5 38. Rxb4 Rxd7 39. h4 Re1+ 40. Kf4 Rd1 41. Ke3 Re1+ 42. Kd2 Re4 43. exf6 gxf6 44. g5 hxg5 45. hxg5 f5 46. Kd3 Rg4 47. Rh3 Rxg5 48. Rh7+ Rg7 1/2-1/2


[Site "https://www.chess.com"]

[Event "Titled Tuesday Blitz February 07 Late 2023"]
[White "Li, Hui"]
[Black "Ardila, Oscar Humberto"]
[WhiteFideId "15400310"]
[BlackFideId "4404742"]
[WhiteElo "1963"]
[BlackElo "1982"]
[Result "1/2-1/2"]
[Round "10"]
[TimeControl "180+2"]
[Date "2023.02.07"]
[WhiteClock "0:00:02"]
[BlackClock "0:00:10"]

1. e4 e5 2. Nf3 Nf6 3. Nxe5 d6 4. Nf3 Nxe4 5. d4 Be7 6. Bd3 Nf6 7. O-O O-O 8. h3 Nbd7 9. c4 Re8 10. Nc3 Nf8 11. Re1 Ng6 12. Bg5 Bd7 13. Qc2 c6 14. Rad1 Nh5 15. Bxe7 Rxe7 16. c5 d5 17. Bxg6 hxg6 18. Ne5 Bf5 19. Qc1 Nf6 20. Re3 Qc7 21. Rde1 Rae8 22. b4 Ne4 23. Nxe4 Bxe4 24. f3 Bf5 25. Kf2 f6 26. Ng4 Bxg4 27. hxg4 Kf7 28. Qd2 Re6 29. Qd3 Qd7 30. Qa3 a6 31. Qd3 R8e7 32. Qa3 Qe8 33. Rxe6 Rxe6 34. Rxe6 Qxe6 35. Qa5 Qd7 36. Qb6 g5 37. a4 Kg6 38. Qa7 Qc7 39. Qa8 Kh7 40. g3 Qe7 41. Qc8 Kg6 42. Qf5+ Kf7 43. Qd3 Qc7 44. Qe3 b6 45. cxb6 Qxb6 46. Qc3 Qb7 47. Qc5 Kg6 48. Qd6 Kf7 49. f4 gxf4 50. gxf4 Qe7 51. Qxc6 Qe4 52. Qc5 Qxf4+ 53. Ke1 Qe3+ 54. Kf1 Qf3+ 55. Ke1 Qg3+ 56. Kd2 Qf4+ 57. Kc3 Qe3+ 58. Kb2 Qd2+ 59. Kb3 Qd3+ 60. Qc3 Qb1+ 61. Qb2 Qd1+ 62. Ka3 Qxg4 63. Qc3 Qd1 64. Qc7+ Kg6 65. Qg3+ Kf5 66. Qd6 Qxd4 67. Qxa6 Qc3+ 68. Ka2 Qxb4 69. a5 Qa4+ 70. Kb2 Qb4+ 71. Kc2 d4 72. Qc8+ Kf4 73. a6 Qa4+ 74. Kd3 Ke5 75. Qc7+ Kd5 76. Qb7+ Ke5 77. Qc7+ Kd5 78. Qb7+ Kc5 79. Qc7+ Kd5 1/2-1/2


[Site "https://www.chess.com"]

[Event "Titled Tuesday Blitz February 07 Late 2023"]
[White "Jorajuria Mendoza, Algol"]
[Black "Sailer, Mike"]
[WhiteFideId "5128897"]
[BlackFideId "2012901"]
[WhiteElo "2069"]
[BlackElo "2109"]
[Result "0-1"]
[Round "10"]
[TimeControl "180+2"]
[Date "2023.02.07"]
[WhiteClock "0:00:39"]
[BlackClock "0:00:04"]

1. e4 g6 2. d4 Bg7 3. Nc3 c6 4. Be3 d5 5. Qd2 dxe4 6. Nxe4 Nd7 7. Nf3 Ngf6 8. Bd3 Nxe4 9. Bxe4 Nf6 10. Bd3 a5 11. O-O O-O 12. h3 a4 13. c4 Re8 14. Rad1 b6 15. Ne5 Bb7 16. Bc2 a3 17. b3 e6 18. Bg5 Qc7 19. Qf4 Nh5 20. Qf3 c5 21. Qe2 cxd4 22. Ng4 Nf4 23. Bxf4 Qxf4 24. Rd2 h5 25. Nh2 e5 26. Re1 Rad8 27. Bd3 f5 28. f3 Bh6 29. Rdd1 Qe3+ 30. Kh1 Qxe2 31. Rxe2 Bg7 32. Rde1 Re7 33. g4 hxg4 34. hxg4 fxg4 35. Bxg6 gxf3 36. Rf2 e4 37. Nxf3 Rf8 38. Bh5 e3 39. Rff1 Bxf3+ 40. Rxf3 Rxf3 41. Bxf3 d3 42. Kg2 Bc3 43. Rg1 Kf8 44. Rh1 Ke8 45. Bg4 Kd8 46. Kf3 e2 0-1


[Site "https://www.chess.com"]

[Event "Titled Tuesday Blitz February 07 Late 2023"]
[White "Nunez V, Gustavo Eduardo"]
[Black "lisjakzlatko1"]
[WhiteFideId "4403690"]
[WhiteElo "2212"]
[BlackElo "2213"]
[Result "1-0"]
[Round "10"]
[TimeControl "180+2"]
[Date "2023.02.07"]
[WhiteClock "0:00:54"]
[BlackClock "0:00:01"]

1. e4 d6 2. d4 Nf6 3. Nc3 c6 4. g3 Qb6 5. Bg2 e5 6. Nge2 Be7 7. O-O O-O 8. h3 a5 9. Be3 Qc7 10. a4 Na6 11. f4 Nb4 12. Kh2 Re8 13. fxe5 dxe5 14. d5 cxd5 15. exd5 Bc5 16. Nb5 Qb6 17. Bg5 Nd7 18. c3 Qg6 19. cxb4 axb4 20. Qd2 f6 21. Be3 Bxe3 22. Qxe3 Rd8 23. d6 Ra6 24. Rfc1 Nf8 25. b3 Ne6 26. Rc4 h5 27. Rd1 Bd7 28. Rxb4 Bxb5 29. Rxb5 Raxd6 30. Rxd6 Rxd6 31. Rd5 Rxd5 32. Bxd5 f5 33. Qxe5 1-0


[Site "https://www.chess.com"]

[Event "Titled Tuesday Blitz February 07 Late 2023"]
[White "Tyagi, Kushan"]
[Black "Sabar, Ethmane Daouda"]
[WhiteFideId "2040069"]
[BlackFideId "19600097"]
[WhiteElo "2060"]
[BlackElo "2040"]
[Result "0-1"]
[Round "10"]
[TimeControl "180+2"]
[Date "2023.02.07"]
[WhiteClock "0:01:54"]
[BlackClock "0:01:05"]

1. d4 d5 2. c4 e5 3. dxe5 d4 4. Nf3 Nc6 5. a3 Bg4 6. Nbd2 Qe7 7. b4 O-O-O 8. Bb2 Nxe5 9. Nxe5 Qxe5 10. h3 Bh5 11. g4 Bg6 12. Nf3 Qe4 13. Bg2 d3 14. e3 d2+ 15. Kf1 Qxc4+ 16. Kg1 Bc2 17. Ne5 Qb3 18. Qf3 d1=Q+ 19. Rxd1 Rxd1+ 20. Kh2 Rxh1+ 21. Bxh1 c6 22. Nxc6 Bd6+ 23. Kg1 Qxb2 24. Nxa7+ Kd8 25. Qxb7 Qb1+ 26. Kg2 Be4+ 0-1


[Site "https://www.chess.com"]

[Event "Titled Tuesday Blitz February 07 Late 2023"]
[White "Souza, Gustavo Horokoski De"]
[Black "Gonzalez, Francisco Silva"]
[WhiteFideId "2146584"]
[BlackFideId "1512285"]
[WhiteElo "1943"]
[BlackElo "2021"]
[Result "1-0"]
[Round "10"]
[TimeControl "180+2"]
[Date "2023.02.07"]
[WhiteClock "0:00:11"]
[BlackClock "0:01:06"]

1. d4 Nf6 2. c4 e6 3. Nc3 Bb4 4. e3 O-O 5. Ne2 d5 6. a3 Bd6 7. c5 Be7 8. b4 c6 9. a4 b6 10. Ng3 a5 11. b5 bxc5 12. dxc5 Bxc5 13. Bb2 Bb4 14. Bd3 cxb5 15. Bxb5 Qc7 16. Rc1 Ba6 17. O-O Qe7 18. e4 Bxc3 19. Bxc3 Bxb5 20. axb5 Nxe4 21. Nxe4 dxe4 22. Qd4 f5 23. Ra1 Nd7 24. Rxa5 Rxa5 25. Bxa5 Rb8 26. Rd1 Nf6 27. Rb1 Nd5 28. Bc3 Rc8 29. Ba1 Qb7 30. h3 Nf4 31. Kh2 Rc2 32. Rd1 Nxg2 33. Qd8+ Kf7 34. Rd7+ Qxd7 35. Qxd7+ Kf8 36. Qxg7+ Ke8 37. Kxg2 e3 38. Qh8+ Kd7 39. Qd4+ Ke8 40. Qxe3 Ra2 41. Qxe6+ 1-0


[Site "https://www.chess.com"]

[Event "Titled Tuesday Blitz February 07 Late 2023"]
[White "Jeziel_Vale"]
[Black "Manu_ChessExcelsior"]
[WhiteElo "2276"]
[BlackElo "1881"]
[Result "1-0"]
[Round "10"]
[TimeControl "180+2"]
[Date "2023.02.07"]
[WhiteClock "0:00:11"]
[BlackClock "0:00:02"]

1. d4 d5 2. c4 e6 3. Nf3 Nf6 4. g3 Be7 5. Bg2 O-O 6. O-O c6 7. Qc2 b6 8. Nbd2 Bb7 9. e4 dxe4 10. Nxe4 Nbd7 11. Rd1 Rc8 12. Nxf6+ Nxf6 13. Ne5 Qc7 14. Bf4 Bd6 15. Qe2 Nd7 16. Nxd7 Qxd7 17. Be5 Rfd8 18. Be4 Bxe5 19. dxe5 Qe7 20. Qh5 h6 21. Qf3 Ba6 22. b3 c5 23. h4 Rd4 24. Rxd4 cxd4 25. Bc2 b5 26. Qe4 g6 27. cxb5 Bxb5 28. h5 Bc6 29. Qxd4 Bf3 30. hxg6 Rxc2 31. Qd3 Qc7 32. Qxf3 fxg6 33. Rd1 Rc1 34. Rxc1 Qxc1+ 35. Kg2 Qc5 36. Qa8+ Kg7 37. Qb7+ Kg8 38. Qb8+ Kg7 39. b4 Qd5+ 40. Kh2 Qd7 41. Qa8 Kf7 42. Qf3+ Kg7 43. Qf6+ Kh7 44. a3 Qc8 45. Qf7+ Kh8 46. Qxa7 Qc2 47. Qa8+ Kg7 48. Qf3 g5 49. Qf6+ Kg8 50. b5 Qxf2+ 51. Qxf2 1-0


[Site "https://www.chess.com"]